 Seeded DCSS version 0.31-a0-889-g1a8549509d (webtiles) character file.

Game seed: 2479337214486947755 (custom seed)

98973 Iich the Severer (level 15, -4/122 HPs)
             Began as a Demonspawn Fighter on Oct 13, 2023.
             Was the Champion of Qazlal.
             Slain by an orc warlord
             ... wielding a +2 dire flail of holy wrath
              (27 damage)
             ... on level 1 of the Orcish Mines on Oct 17, 2023.
             The game lasted 00:46:32 (20379 turns).

Iich the Severer (Demonspawn Fighter)              Turns: 20379, Time: 00:46:33

Health: -4/122     AC: 35    Str: 24 (26) XL:     15   Next: 76%
Magic:  20/20      EV: 13    Int: 10      God:    Qazlal [******]
Gold:   938        SH: 20    Dex: 18      Spells: 14/14 levels left

rFire   + . .        y - +2 broad axe (spect)
rCold   + . .        O - +0 kite shield
rNeg    + . .        J - +10 plate armour of Irksome Amelioration {rN+}
rPois   +            (helmet restricted)
rElec   .            Y - +1 cloak of Sin {rF+ rC+ Str+2}
rCorr   .            k - +2 pair of gloves
SInv    .            j - +2 pair of boots
Will    ++...        Z - amulet of Vitality {RegenMP++ Regen++} Stlth
                     i - ring of willpower
HPRegen 2.00/turn    H - +6 ring of dexterity
MPRegen 0.97/turn

%: repel missiles
@: protected from physical damage, hasted, very quick
A: horns 2, repulsion field 2, ignite blood 2, spiny 1, augmentation 1,
deterioration 1, low MP 1, poison resistance, inability to drink after injury 1
a: Renounce Religion, Upheaval, Elemental Force, Disaster Area


You were on level 1 of the Orcish Mines.
You worshipped Qazlal.
Qazlal was exalted by your worship.
You visited 4 branches of the dungeon, and saw 22 of its levels.
You also visited: Gauntlet and Ice Cave.

You collected 1812 gold pieces.
You spent 874 gold pieces at shops.

Inventory:

Hand Weapons
 a - a +0 war axe of draining
 y - a +2 spectral broad axe (weapon)
Missiles
 L - 3 throwing nets
Armour
 c - a +0 crystal plate armour of cold resistance
 j - a +2 pair of boots (worn)
 k - a +2 pair of gloves (worn)
 J - the +10 plate armour of Irksome Amelioration (worn) {rN+}
   (You acquired it on level 7 of the Dungeon)

   rN+:       It protects you from negative energy.
 O - a +0 kite shield (worn)
 Y - the +1 cloak of Sin (worn) {rF+ rC+ Str+2}
   (You acquired it on level 7 of the Dungeon)

   Str+2:     It affects your strength (+2).
   rF+:       It protects you from fire.
   rC+:       It protects you from cold.
Jewellery
 i - a ring of willpower (left hand)
 C - a ring of resist corrosion
 H - a +6 ring of dexterity (right hand)
 I - a ring of protection from cold
 W - the amulet of Fallacy {Faith Dex+3}
   (You found it in a Gauntlet)

   [amulet of faith]

   Faith:     It allows you to gain divine favour quickly.
   Dex+3:     It affects your dexterity (+3).
 Z - the amulet of Vitality (around neck) {RegenMP++ Regen++}
   (You found it on level 11 of the Dungeon)

   [amulet of magic regeneration]

   RegenMP:   It increases your rate of magic regeneration.
   Regen++:   It increases your rate of health regeneration.
Talismans
 T - a granite talisman
 U - a talisman of death
Wands
 b - a wand of charming (27)
 r - a wand of polymorph (6)
 u - a wand of flame (33)
 v - a wand of mindburst (18)
 x - a wand of quicksilver (17)
 S - a wand of iceblast (14)
Scrolls
 g - 2 scrolls of fear
 s - a scroll of noise
 t - 7 scrolls of teleportation
 w - 2 scrolls of summoning
 z - 3 scrolls of immolation
 B - 2 scrolls of blinking
 E - a scroll of amnesia
 F - 3 scrolls of torment
 G - a scroll of silence
 M - 3 scrolls of fog
 Q - 5 scrolls of vulnerability
 R - 5 scrolls of revelation
 X - 2 scrolls of poison
Potions
 d - 5 potions of might
 e - a potion of magic
 f - a potion of invisibility
 h - 2 potions of haste
 m - 4 potions of mutation
 n - a potion of resistance
 o - 2 potions of cancellation
 p - 5 potions of enlightenment
 q - 5 potions of curing
 A - 3 potions of lignification
 D - 2 potions of attraction
 K - a potion of brilliance
 V - a potion of berserk rage
Miscellaneous
 N - a phial of floods
 P - a lightning rod (4/4)


   Skills:
 + Level 12.9 Fighting
 - Level 18.0 Axes
 + Level 7.4 Armour
 - Level 9.2 Dodging
 - Level 9.6 Shields
 - Level 10.0 Invocations
 + Level 7.3 Evocations
 - Level 4.3 Shapeshifting


You had 14 spell levels left.
You didn't know any spells.
Your spell library contained the following spells:

 Spells                   Type           Power      Damage    Failure   Level
 Magic Dart               Conj           0%         1d3       100%        1
 Necrotise                Necr           0%         1d4       100%        1
 Slow                     Hex            0%         N/A       100%        1
 Sting                    Tmut/Pois      0%         1d3       100%        1
 Call Imp                 Summ           0%         N/A       100%        2
 Ensorcelled Hibernation  Hex/Ice        0%         N/A       100%        2
 Jinxbite                 Hex            0%         N/A       100%        2
 Passwall                 Tmut/Erth      0%         N/A       100%        2
 Poisonous Vapours        Pois/Air       0%         N/A       100%        2
 Searing Ray              Conj           0%         2d4       100%        2
 Wereblood                Tmut           0%         N/A       100%        2
 Confusing Touch          Hex            0%         N/A       100%        3
 Hailstorm                Conj/Ice       0%         3d3       100%        3
 Mephitic Cloud           Conj/Pois/Air  0%         N/A       100%        3
 Sigil of Binding         Hex            0%         N/A       100%        3
 Swiftness                Air            0%         N/A       100%        3
 Tukima's Dance           Hex            0%         N/A       100%        3
 Vampiric Draining        Necr           0%         2d6       100%        3
 Anguish                  Hex/Necr       0%         N/A       100%        4
 Dimensional Bullseye     Hex/Tloc       0%         N/A       100%        4
 Fulminant Prism          Conj/Hex       0%         3d5       100%        4
 Iskenderun's Mystic Bla  Conj/Tloc      0%         2d3       100%        4
 Leda's Liquefaction      Hex/Erth       0%         N/A       100%        4
 Olgreb's Toxic Radiance  Pois           0%         N/A       100%        4
 Summon Ice Beast         Ice/Summ       0%         N/A       100%        4
 Irradiate                Conj/Tmut      0%         3d11      100%        5
 Lee's Rapid Deconstruct  Erth           0%         3d4*      100%        5
 Bombard                  Conj/Erth      0%         9d1       100%        6
 Simulacrum               Ice/Necr       0%         N/A       100%        6


Dungeon Overview and Level Annotations

Branches:
Dungeon (15/15)            Temple (1/1) D:4            Lair (5/5) D:10
 Shoals (0/4) Lair:2       Spider (0/4) Lair:3        Slime (0/5) Lair:4
    Orc (1/2) D:10         Vaults (0/5) D:14         Depths (0/4) D:15
  IceCv (visited)         Gauntlet (visited)

Altars:
Ashenzari
Cheibriados
Dithmenos
Fedhas
Gozag
Hepliaklqana
Kikubaaqudgha
Makhleb
Nemelex Xobeh
Okawaru
Qazlal
Ru
Sif Muna
Trog
Uskayaw
Vehumet
Wu Jian
Xom
Yredelemnul

Shops:
D:1 :?(?   D:5 [

Annotations:
Temple 2 transporters
Lair:4 1 runed translucent door


Innate Abilities, Weirdness & Mutations

You have a pair of horns on your head.
You are surrounded by a moderate repulsion field. (EV +3)
Your demonic aura often causes spilled blood to erupt in flames.
You are partially covered in sharp spines.
Your magical and physical power is slightly enhanced at high health.
Your body sometimes deteriorates upon taking damage.
Your magical capacity is low. (-10% MP)
Your system is resistant to poisons. (rPois)
You occasionally lose the ability to drink potions when taking damage.


Message History

The orc warlord is engulfed in blazing flames.
You block the orc warlord's attack.
The orc warlord hits your +2 spectral broad axe with a +0 battleaxe!!
Your spectral weapon shares its damage with you!
Your +2 spectral broad axe disappears.
* * * LOW HITPOINT WARNING * * *
An orc warrior comes into view. It is wielding a +0 flail.
You take 12 damage, and have 37/122 hp.
You completely miss the orc warlord.
The orc warlord is almost dead.
You hit the orc warlord.
Your +2 spectral broad axe hits the orc warlord!!
You kill the orc warlord!
Qazlal accepts your kill.
Your +2 spectral broad axe hits the orc warlord!!
You hear a shout!
You hear a howl!
You hear a shout!
Training target 18.0 for Axes reached!
Your Axes skill increases to level 18!
You feel much better.
Your +2 spectral broad axe disappears.
The orc wizard casts a spell.
The orc wizard flickers and vanishes!
You block the orc warrior's attack.
An orc warrior comes into view. It is wielding a +0 dire flail.
The orc warlord is engulfed in blazing flames.
The orc warlord hits you with a +2 dire flail of holy wrath!
* * * LOW HITPOINT WARNING * * *
You convulse!
* * * LOW HITPOINT WARNING * * *
The orc priest calls upon Beogh to heal the orc warrior.
You regained 2 hp, and now have 40/122 hp.
You feel yourself speed up.
You hear a shout! x2
The orc knight is engulfed in blazing flames.
The orc knight roars a battlecry!
The orc warlord is engulfed in blazing flames.
The orc warlord hits you with a +2 dire flail of holy wrath!!
* * * LOW HITPOINT WARNING * * *
You feel more protected from physical attacks.
You convulse!!
You die...

##....###.#.........
#######....#..## #
.#.....
#..............#
............#..##
...........##...##
...........#.....#
.........☼○#○.....
........°☼.☼......
.........○@○..#...
.#.#.#.#.)o)§#....
.......°ooo......
#######oo###....


oooo ^... oo.oo ... o..{o .. oooooo. You could see an orc warlord (strong), an
orc knight (strong), an orc sorcerer (strong), 9 orc warriors, 3 orc priests and
7 orcs.

Vanquished Creatures
  A sphinx (D:13)
  An orc warlord (Orc:1)
  A reaper (IceCv)
  The ghost of Niosow the Cleaver, a journeyman FoFi of Jiyva (Lair:3)
  Snorg (D:14)
  A minotaur (Gauntlet)
  6 hydras
  A rakshasa (D:15)
  A vault guard (D:14)
  6 centaur warriors
  An ogre mage (D:15)
  Erica (D:8)
  2 boulder beetles
  3 two-headed ogres
  10 death yaks
  3 tengu warriors
  Urug (Lair:3)
  A vampire mage (D:15)
  Nergalle (D:11)
  3 spriggans (Lair:3)
  A titan skeleton (D:15)
  A skyshark (Lair:5)
  A wretched star (Gauntlet)
  Amaemon (D:8)
  A spark wasp zombie (D:15)
  7 skeletal warriors
  A glowing orange brain (D:14)
  2 wizards
  An orc knight (D:15)
  A lindwurm (Lair:5)
  A necromancer (D:15)
  A deep elf pyromancer (D:15)
  The ghost of BLEEG the Firebug, a novice DrFE of Ashenzari (D:8)
  A stone giant zombie (D:15)
  10 ugly things
  2 wolf spiders (Lair:5)
  A shining eye (Gauntlet)
  A cyclops (D:13)
  2 orc sorcerers (Orc:1)
  A guardian serpent (Lair:5)
  A manticore (D:13)
  9 black mambas
  6 elephants (Lair:5)
  2 ice statues (IceCv)
  A stone giant skeleton (D:15)
  2 torpor snails
  4 molten gargoyles (D:9)
  A gargoyle (D:12)
  Maggie (D:6)
  10 cane toads
  An orange demon (D:8)
  An unseen horror (D:13)
  6 rime drakes
  Jeremiah (D:7)
  A kobold demonologist (D:11)
  Psyche (D:10)
  A minotaur zombie (Gauntlet)
  2 tengu conjurers
  An anaconda simulacrum (IceCv)
  2 efreet
  14 komodo dragons
  A yaktaur (D:15)
  7 ice devils (IceCv)
  3 trolls
  6 hornets
  A polar bear (D:12)
  A hornet (shapeshifter) (D:13)
  Prince Ribbit (D:7)
  10 blink frogs
  5 dream sheep
  20 slime creatures
  Sigmund (D:4)
  44 yaks
  5 wraiths
  Eustachio (D:5)
  11 wyverns
  A dire elephant simulacrum (IceCv)
  4 basilisks
  A neqoxec (Gauntlet)
  3 steam dragons
  7 vampire mosquitoes
  Menkaure (D:7)
  A death yak simulacrum (IceCv)
  A harpy simulacrum (IceCv)
  4 wargs
  Edmund (D:6)
  25 water moccasins
  3 acid dragons
  2 floating eyes (Gauntlet)
  Duvessa (D:5)
  17 orc warriors
  3 black bears
  2 ogres
  3 sky beasts
  10 wolves
  8 centaurs
  A boggart (D:13)
  4 kobold brigands
  2 gnoll sergeants
  Blork the orc (D:5)
  18 bullfrogs
  3 two-headed ogre simulacra (IceCv)
  6 scorpions
  A cane toad simulacrum (IceCv)
  8 wights
  Dowan (D:5)
  2 elephant simulacra (IceCv)
  22 killer bees
  11 howler monkeys
  4 jellies
  5 hounds
  2 gnoll boudas
  14 orc priests
  Ijyb (D:4)
  An iron imp (D:7)
  4 sleepcaps
  Natasha (thrice) (D:4)
  24 orc wizards
  8 hell rats (Lair:5)
  2 spriggan simulacra (IceCv)
  A troll simulacrum (IceCv)
  3 wolf simulacra (IceCv)
  A mummy (D:6)
  9 adders
  20 gnolls
  4 naga simulacra (IceCv)
  7 river rats (Lair:5)
  5 white imps
  4 ufetubi
  2 worms
  64 orcs
  11 ball pythons
  4 endoplasms
  2 giant cockroaches
  7 goblins
  5 hobgoblins
  2 jackals (D:5)
  26 kobolds
  3 quokkas
  A bat (D:1)
  A frilled lizard (D:1)
  2 kobold zombies (D:6)
  2 orc zombies (D:6)
  8 rats
  2 spectral weapons
711 creatures vanquished.

Vanquished Creatures (others)
  An orc (D:9)
  7 spectral weapons
8 creatures vanquished.

Grand Total: 719 creatures vanquished

Notes
Turn   | Place    | Note
-------+----------+-------------------------------------------
     0 | D:1      | Iich the Demonspawn Fighter began the quest for the Orb.
     0 | D:1      | Reached XP level 1. HP: 18/18 MP: 1/1
    78 | D:1      | Reached skill level 2 in Axes
    82 | D:1      | Gained mutation: Your demonic aura sometimes causes spilled
                  | blood to erupt in flames. [demonic ancestry]
    82 | D:1      | Reached XP level 2. HP: 21/24 MP: 2/2
    94 | D:1      | Found Leihaguh's Magic Scroll Shop.
   139 | D:1      | Found Etukiz's Antique Weapon Shoppe.
   348 | D:1      | Found Ororchye's Magic Scroll Shop.
   472 | D:1      | Found Goyq's Book Boutique.
   622 | D:2      | Gained mutation: You are partially covered in sharp spines.
                  | [demonic ancestry]
   622 | D:2      | Reached XP level 3. HP: 24/29 MP: 3/3
   672 | D:2      | Reached skill level 1 in Dodging
  1195 | D:1      | Reached XP level 4. HP: 28/35 MP: 4/4
  1557 | D:2      | Reached skill level 3 in Axes
  1759 | D:2      | Found an ancient bone altar of Kikubaaqudgha.
  2207 | D:3      | Found a faded altar of an unknown god.
  2251 | D:3      | Reached XP level 5. HP: 41/41 MP: 5/5
  2956 | D:4      | Noticed Sigmund
  2964 | D:4      | Killed Sigmund
  2965 | D:4      | Reached skill level 4 in Axes
  2965 | D:4      | Reached XP level 6. HP: 34/48 MP: 6/6
  3018 | D:4      | Noticed Ijyb
  3025 | D:4      | Killed Ijyb
  3165 | D:4      | Found a sparkling altar of Nemelex Xobeh.
  3165 | D:4      | Found a faded altar of an unknown god.
  3173 | D:4      | Found a bloodstained altar of Trog.
  3175 | D:4      | Found a blossoming altar of Fedhas.
  3177 | D:4      | Found a hide-covered altar of Uskayaw.
  3246 | D:4      | Found a staircase to the Ecumenical Temple.
  3332 | Temple   | Found a transporter.
  3332 | Temple   | Found a transporter.
  3332 | Temple   | Found a transporter.
  3332 | Temple   | Found a transporter.
  3332 | Temple   | Entered the Ecumenical Temple
  3349 | Temple   | Became a worshipper of Qazlal Stormbringer
  3472 | D:4      | Found a hazy altar of Hepliaklqana.
  3524 | D:4      | Reached XP level 7. HP: 35/55 MP: 7/7
  3714 | D:4      | Noticed Natasha
  3719 | D:4      | Killed Natasha
  3784 | D:4      | Found an iron altar of Okawaru.
  3858 | D:4      | Found a broken altar of Ashenzari.
  4035 | D:4      | Noticed Natasha
  4040 | D:4      | Killed Natasha
  4303 | D:4      | Noticed Natasha
  4315 | D:4      | Killed Natasha
  4367 | D:5      | Entered Level 5 of the Dungeon
  4379 | D:5      | Reached skill level 5 in Axes
  4472 | D:5      | Reached * piety under Qazlal
  4554 | D:5      | Reached skill level 5 in Fighting
  4584 | D:5      | Gained mutation: You are surrounded by a mild repulsion
                  | field. (EV +2) [demonic ancestry]
  4584 | D:5      | Reached XP level 8. HP: 31/62 MP: 8/8
  4746 | D:5      | Found Jeqi's Armour Emporium.
  5205 | D:5      | Bought a +1 cloak of willpower for 198 gold pieces
  5264 | D:5      | Noticed Dowan
  5266 | D:5      | Noticed Duvessa
  5274 | D:5      | Killed Duvessa
  5275 | D:5      | Reached skill level 6 in Axes
  5278 | D:5      | Killed Dowan
  5293 | D:5      | Noticed Eustachio
  5311 | D:5      | Killed Eustachio
  5312 | D:5      | Reached skill level 5 in Shields
  5620 | D:5      | Noticed Blork the orc
  5633 | D:5      | Killed Blork the orc
  5884 | D:5      | Found an ancient bone altar of Kikubaaqudgha.
  5889 | D:5      | Found a shimmering blue altar of Sif Muna.
  5890 | D:5      | Found a radiant altar of Vehumet.
  5893 | D:5      | Got a grimy book
  6035 | D:6      | Noticed Maggie
  6043 | D:6      | Reached ** piety under Qazlal
  6044 | D:6      | Reached skill level 7 in Axes
  6044 | D:6      | Reached XP level 9. HP: 45/69 MP: 9/9
  6053 | D:6      | Killed Maggie
  6276 | D:6      | Gained mutation: You have very sharp teeth. [potion of
                  | mutation]
  6276 | D:6      | Gained mutation: You are agile. (Dex +4, Str/Int -1)
                  | [potion of mutation]
  6276 | D:6      | Lost mutation: You have very sharp teeth. [potion of
                  | mutation]
  6433 | D:6      | Noticed Edmund
  6437 | D:6      | Killed Edmund
  6438 | D:6      | Reached skill level 5 in Dodging
  6455 | D:6      | Reached skill level 8 in Axes
  6637 | D:7      | Noticed Prince Ribbit
  6647 | D:7      | Killed Prince Ribbit
  6712 | D:7      | Noticed Menkaure
  6722 | D:7      | Killed Menkaure
  6989 | D:7      | Found a snail-covered altar of Cheibriados.
  7031 | D:7      | Gained mutation: Your demonic aura often causes spilled
                  | blood to erupt in flames. [demonic ancestry]
  7031 | D:7      | Reached XP level 10. HP: 79/79 MP: 10/10
  7106 | D:7      | Reached *** piety under Qazlal
  7184 | D:7      | Noticed Jeremiah
  7189 | D:7      | Killed Jeremiah
  7190 | D:7      | Reached skill level 1 in Invocations
  7291 | D:7      | Identified 3 scrolls of acquirement
  7291 | D:7      | Acquired the +10 plate armour of Irksome Amelioration {rN+}
  7323 | D:7      | Acquired the +0 cloak of the Everdark {Fly rPois Will+}
  7336 | D:7      | Acquired the +1 cloak of Sin {rF+ rC+ Str+2}
  7352 | D:8      | Found a sacrificial altar of Ru.
  7354 | D:8      | Noticed Erica
  7676 | D:8      | Killed Erica
  7677 | D:8      | Reached skill level 9 in Axes
  7844 | D:8      | Noticed a two-headed ogre
  7850 | D:8      | Killed a two-headed ogre
  7870 | D:8      | Noticed an orange demon
  7872 | D:8      | Noticed Amaemon
  7873 | D:8      | Killed an orange demon
  7881 | D:8      | Killed Amaemon
  8005 | D:8      | Found a runed translucent gate.
  8005 | D:8      | Found a runed translucent gate.
  8005 | D:8      | Found a runed translucent gate.
  8012 | D:8      | Noticed BLEEG's ghost (novice DrFE)
  8173 | D:8      | Noticed a two-headed ogre
  8183 | D:8      | Gained mutation: You are surrounded by a moderate repulsion
                  | field. (EV +3) [demonic ancestry]
  8183 | D:8      | Reached XP level 11. HP: 80/86 MP: 11/14
  8184 | D:8      | Killed a two-headed ogre
  8185 | D:8      | Reached skill level 10 in Axes
  8597 | D:8      | Killed BLEEG's ghost
  8598 | D:8      | Reached skill level 5 in Invocations
  8760 | D:8      | Identified the +1 helmet of the Everdark {Fly Str+3}
  9487 | D:9      | Reached **** piety under Qazlal
  9766 | D:10     | Entered Level 10 of the Dungeon
  9766 | D:10     | Noticed Psyche
  9771 | D:10     | Killed Psyche
  9841 | D:10     | Reached skill level 11 in Axes
  9987 | D:10     | Found an opulent altar of Gozag.
 10061 | D:10     | Found a staircase to the Lair.
 10095 | D:10     | Found a staircase to the Orcish Mines.
 10987 | D:11     | Noticed a sun demon
 11017 | D:11     | Noticed Nergalle
 11022 | D:11     | Killed Nergalle
 11022 | D:11     | Reached ***** piety under Qazlal
 11023 | D:11     | Gained mutation: Your magical and physical power is
                  | slightly enhanced at high health. [demonic ancestry]
 11023 | D:11     | Reached XP level 12. HP: 87/95 MP: 15/17
 11075 | D:11     | Identified the +1 trident of Unkatub {flame, Fly rElec rC-
                  | rN+}
 11104 | D:11     | Found the amulet of Vitality {RegenMP++ Regen++}
 11183 | D:11     | Reached skill level 1 in Shapeshifting
 11313 | D:11     | Identified the +0 robe "Kyaprat" {rN+ rCorr Int+2 Stlth+}
 11572 | Lair:1   | Entered Level 1 of the Lair of Beasts
 11802 | Lair:1   | Found a gate leading to a gauntlet.
 11813 | Gauntlet | Entered a Gauntlet
 11813 | Gauntlet | Noticed a catoblepas
 11813 | Gauntlet | Found a transporter.
 11813 | Gauntlet | Found a transporter.
 11819 | Gauntlet | Found a transporter.
 11834 | Gauntlet | Found a transporter.
 11853 | Gauntlet | Found a transporter.
 11853 | Gauntlet | Found a transporter.
 11853 | Gauntlet | Found a transporter.
 11856 | Gauntlet | Found a transporter.
 11856 | Gauntlet | Found a transporter.
 11869 | Gauntlet | Found a transporter.
 11887 | Gauntlet | Found a transporter.
 11887 | Gauntlet | Noticed a hell beast
 11894 | Gauntlet | Noticed a blizzard demon
 11896 | Gauntlet | Found a runed translucent gate.
 11897 | Gauntlet | Found a transporter.
 11897 | Gauntlet | Found a runed translucent gate.
 11898 | Gauntlet | Found a runed translucent gate.
 11912 | Gauntlet | Found a transporter.
 11932 | Gauntlet | Found a transporter.
 12209 | Gauntlet | Lost mutation: You are agile. (Dex +4, Str/Int -1) [a
                  | shining eye]
 12212 | Gauntlet | Gained mutation: You are frail. (-10% HP) [a shining eye]
 12215 | Gauntlet | Paralysed by a floating eye for 2 turns
 12218 | Gauntlet | Gained mutation: Your body sometimes deteriorates upon
                  | taking damage. [a shining eye]
 12219 | Gauntlet | Paralysed by a floating eye for 3 turns
 12220 | Gauntlet | Gained mutation: You occasionally lose the ability to drink
                  | potions when taking damage. [a shining eye]
 12224 | Gauntlet | Gained mutation: You are dopey. (Int -2) [a shining eye]
 12225 | Gauntlet | Paralysed by a floating eye for 3 turns
 12238 | Gauntlet | Identified the +9 orcbow "Cicvem" {speed, rElec rC+ Str+3
                  | Int+3 Stlth-}
 12241 | Gauntlet | Lost mutation: You are frail. (-10% HP) [potion of
                  | mutation]
 12241 | Gauntlet | Lost mutation: You are dopey. (Int -2) [potion of mutation]
 12241 | Gauntlet | Gained mutation: Your magical capacity is low. (-10% MP)
                  | [potion of mutation]
 12241 | Gauntlet | Gained mutation: Your system is resistant to poisons.
                  | (rPois) [potion of mutation]
 12321 | Gauntlet | Identified the amulet of Fallacy {Faith Dex+3}
 12323 | Gauntlet | Identified the +1 helmet "Kimesebixt" {rC+}
 12330 | Gauntlet | Noticed a minotaur
 12340 | Gauntlet | Killed a minotaur
 12879 | Lair:2   | Reached skill level 12 in Axes
 12907 | Lair:2   | Found a staircase to the Shoals.
 13430 | Lair:2   | Reached skill level 10 in Fighting
 13639 | Lair:3   | Reached XP level 13. HP: 103/103 MP: 17/17
 13645 | Lair:3   | Found a runed translucent door.
 13649 | Lair:3   | Noticed Niosow's ghost (journeyman FoFi)
 13649 | Lair:3   | Identified the +7 trident of Cobwebs {heavy, *Noise rPois
                  | Str+3 Dex+4}
 13681 | Lair:3   | Found a hole to the Spider Nest.
 13792 | Lair:3   | Noticed Urug
 13807 | Lair:3   | Killed Urug
 14216 | D:1      | Bought a scroll of acquirement for 676 gold pieces
 14216 | D:1      | Acquired a manual of Axes
 14671 | Lair:3   | Killed Niosow's ghost
 14795 | Lair:4   | Found a runed translucent door.
 14796 | Lair:4   | Found a staircase to the Slime Pits.
 14844 | Lair:4   | Reached skill level 13 in Axes
 15274 | Lair:4   | Reached skill level 10 in Invocations
 15274 | Lair:4   | Reached skill level 1 in Evocations
 15539 | Lair:5   | Entered Level 5 of the Lair of Beasts
 15596 | Lair:5   | Reached skill level 14 in Axes
 15607 | Lair:5   | Reached ****** piety under Qazlal
 15621 | Lair:5   | Gained mutation: You have a pair of small horns on your
                  | head. [demonic ancestry]
 15621 | Lair:5   | Reached XP level 14. HP: 110/111 MP: 19/19
 15768 | Lair:5   | Reached skill level 15 in Axes
 16868 | D:12     | Reached skill level 5 in Armour
 16945 | D:12     | Found a frozen archway.
 16964 | IceCv    | Entered an ice cave
 17069 | IceCv    | Reached skill level 16 in Axes
 17093 | IceCv    | Noticed a reaper
 17106 | IceCv    | Killed a reaper
 17202 | IceCv    | Upgraded the game from 0.31-a0-876-gfe8ebadbca to
                  | 0.31-a0-889-g1a8549509d
 17341 | D:12     | Reached skill level 5 in Evocations
 17560 | D:12     | Identified the +5 rapier of Zaifont {flame, rC+ Str+2}
 17975 | D:13     | You fall into a shaft and drop 2 floors!
 17975 | D:15     | Entered Level 15 of the Dungeon
 18073 | D:14     | Gained mutation: You have a pair of horns on your head.
                  | [demonic ancestry]
 18073 | D:14     | Reached XP level 15. HP: 101/120 MP: 20/20
 18090 | D:14     | Identified the +5 ring mail of Nudarrarph {rF+ Will+}
 18180 | D:14     | Noticed Snorg
 18191 | D:14     | Killed Snorg
 18245 | D:14     | Reached skill level 17 in Axes
 18640 | D:14     | Found a gate to the Vaults.
 18971 | D:13     | Noticed a sphinx
 18975 | D:13     | Killed a sphinx
 19370 | D:15     | Found a staircase to the Depths.
 20211 | Orc:1    | Entered Level 1 of the Orcish Mines
 20378 | Orc:1    | Reached skill level 18 in Axes
 20379 | Orc:1    | Slain by an orc warlord

Illustrated notes

Levels and vault maps discovered:
D:1:      ncdulo_wetmaze, layout_rooms, serial_shops, nicolae_shop_peninsula,
          nicolae_shop_just_a_little_nook, nicolae_shop_rolled_up, shop
D:2:      layout_basic, basic_altar, columned_hall_lemuel
D:3:      layout_basic, shapermc_ecumenical_altar_gd, grunt_ministairs_9
D:4:      layout_cave_pools, mainiacjoe_overflow_concentric_impassable,
          lemuel_coloured_pillars_altar, marbit_many_paths,
          chequers_temple_overflow_minitemple, temple_green, uniq_sigmund,
          uniq_natasha, uniq_ijyb
D:5:      layout_cave_pools, grunt_temple_overflow_magic_moments,
          mainiacjoe_overflow_alcove_4, serial_gnoll_camp,
          gnoll_camp_mini_basic, gnoll_camp_mini_hut, gnoll_camp_mini_basic,
          gnoll_camp_mini_shop, uniq_eustachio, uniq_blork_the_orc, uniq_duvessa
D:6:      layout_rooms, zin_treasury, minmay_mini_ossuary, uniq_edmund,
          uniq_maggie
D:7:      layout_cave_pools, slow_altar_2, uniq_prince_ribbit1, uniq_menkaure,
          uniq_jeremiah
D:8:      layout_basic, lemuel_tele_altar, biasface_ghost_orc_armoury,
          kb_lookout_dungeons_type, st_stairs_12, kennysheep_kite_vault,
          uniq_amaemon, uniq_erica
D:9:      layout_loops_ring, minivault_8
D:10:     layout_grid_maze, mainiacjoe_overflow_cross_hatched,
          grunt_lair_entry_orc_guard_hut, orc_0_dummy, grunt_decor_cap,
          uniq_psyche
D:11:     layout_roguey, uniq_nergalle
D:12:     layout_long_grid, portal_ice_cave_entry_animals_and_master
D:13:     nzn_winding_woodlands_three_and_one
          [nzn_winding_woodlands_5x15_pockets,
          nzn_winding_woodlands_5x15_lazy_stream,
          nzn_winding_woodlands_5x15_parted,
          nzn_winding_woodlands_center_diamonds], layout_rooms
D:14:     layout_basic, hellmonk_vaults_order_and_chaos,
          grunt_decor_mini_mirrors, uniq_snorg
D:15:     gammafunk_depths_entry_grave, layout_stronghold,
          chequers_serial_rivers_micro_d, minmay_fractal_squares_5
Temple:   hellmonk_temple_divided_pantheon
Lair:1:   layout_cave_shapes, gauntlet_entry_generic
Lair:2:   layout_cave_pods, elwin_shoals_entry_rocks
Lair:3:   layout_hall_layers, spider_nest_entry_web_field,
          ebering_ghost_funeral_grove, uniq_urug
Lair:4:   layout_hall_layers, slime_entry_2, infiniplex_staircase_pool_2,
          lemuel_fruit_tree
Lair:5:   hangedman_lair_tendril_chambers, layout_small_grid,
          kennysheep_abandoned_house
Orc:1:    layout_caves, minmay_orc_treasury

Skill      XL: |  1  2  3  4  5  6  7  8  9 10 11 12 13 14 15 |
---------------+----------------------------------------------+-----
Axes           | 2 3 4 5 7 8 9 11 12 14 16 18 | 18.0
Shields        | 3 4 5 6 7 8 9 |  9.6
Dodging        | 1 2 3 4 5 6 7 8 9 |  9.2
Fighting       | 4 5 6 7 8 9 10 12 | 12.9
Invocations    | 4 7 8 10 | 10.0
Shapeshifting  | 3 4 |  4.3
Armour         | 3 6 7 |  7.4
Evocations     | 2 5 7 |  7.3

Action                     |  1- 3 |  4- 6 |  7- 9 | 10-12 | 13-15 || total
---------------------------+-------+-------+-------+-------+-------++-------
  Melee: War axe           |    66 |    83 |   277 |   527 |    41 ||   994
         Broad axe         |       |       |       |       |   515 ||   515
         Headbutt          |       |       |       |       |   132 ||   132
 Invoke: Upheaval          |       |       |       |     8 |       ||     8
  Evoke: Wand              |       |       |     3 |     1 |     2 ||     6
    Use: Scroll            |       |     2 |     3 |    14 |    11 ||    30
         Potion            |       |     3 |     3 |     4 |     4 ||    14
   Stab: Distracted        |       |       |       |       |     7 ||     7
 Armour: Scale mail        |    60 |    30 |       |       |       ||    90
         Chain mail        |       |    32 |   151 |       |       ||   183
         Swamp dragon scal |       |       |    21 |     6 |       ||    27
         Plate armour      |       |       |       |   225 |   256 ||   481
  Dodge: Dodged            |    34 |    35 |   155 |   187 |   175 ||   586
         Repelled          |       |       |       |       |     6 ||     6
  Block: Buckler           |    17 |    23 |   109 |   260 |   110 ||   519
         Kite shield       |       |       |       |       |   278 ||   278

Table legend: (Time is in decaauts)
 A = Elapsed time spent in this place.
 B = Non-inter-level travel time spent in this place.
 C = Inter-level travel time spent in this place.
 D = Time resting spent in this place.
 E = Time spent auto-exploring this place.
 F = Levels seen in this place.
 G = Mean time per level.
                   A        B        C        D        E       F      G
               +--------+--------+--------+--------+--------+-----+--------+
         Total |  20442 |  18936 |   1506 |   1425 |  13341 |  24 |  851.8 |
       Dungeon |  15086 |  13931 |   1155 |   1425 |  10007 |  15 | 1005.7 |
        Temple |     34 |     34 |      0 |      0 |      0 |   1 |   34.0 |
          Lair |   4227 |   3878 |    349 |      0 |   2956 |   5 |  845.4 |
  Orcish Mines |    158 |    158 |      0 |      0 |     94 |   1 |  158.0 |
      Ice Cave |    324 |    324 |      0 |      0 |    113 |   1 |  324.0 |
      Gauntlet |    610 |    610 |      0 |      0 |    171 |   1 |  610.0 |
               +--------+--------+--------+--------+--------+-----+--------+

Top non-repeatable levels by time:
     D:4: 1770 daAuts
     D:8: 1506 daAuts
     D:5: 1382 daAuts
     D:1: 1299 daAuts
    D:10: 1239 daAuts
  Lair:5: 1176 daAuts
     D:9: 980 daAuts
     D:3: 950 daAuts
  Lair:2: 925 daAuts
     D:2: 879 daAuts
  Lair:4: 814 daAuts
    D:14: 798 daAuts
     D:7: 766 daAuts
    D:12: 749 daAuts
    D:11: 743 daAuts
